 Dungeon Crawl Stone Soup version 0.26.1-2-gb8aa6d0cf2 (webtiles) character file.

Game seed: 1714539486052800177

644 laurelia the Cudgeller (level 7, 44/44 HPs)
             Began as a Gargoyle Gladiator on Feb 11, 2021.
             Quit the game on level 4 of the Dungeon.
             The game lasted 00:12:45 (4493 turns).

laurelia the Cudgeller (Gargoyle Gladiator)         Turns: 4493, Time: 00:12:46

Health: 44/44      AC: 12    Str: 17    XL:     7   Next: 52%
Magic:  7/7        EV: 10    Int:  9    God:
Gold:   133        SH:  0    Dex: 13    Spells: 6/6 levels left

rFire    . . .     SeeInvis .   g - +0 whip
rCold    . . .     Faith    .   (no shield)
rNeg     + . .     Spirit   .   o - +0 scale mail
rPois    ∞         Reflect  .   c - +0 helmet
rElec    +         Harm     .   n - +0 cloak
rCorr    .         Rampage  .   (no gloves)
Will     .....                  (no boots)
Stlth    ..........             (no amulet)
HPRegen  0.14/turn              (no ring)
MPRegen  0.10/turn              (no ring)

@: no status effects
A: negative energy resistance 1, electricity resistance, unbreathing,
petrification resistance, miasma immunity, AC +4
a: no special abilities


You were on level 4 of the Dungeon.
You visited 1 branch of the dungeon, and saw 4 of its levels.
You also visited: Sewer.

You collected 133 gold pieces.

Inventory:

Hand Weapons
 a - a +0 flail
 g - a +0 whip (weapon)
 v - a cursed -2 short sword
Missiles
 d - 3 throwing nets
 t - 6 javelins (quivered)
Armour
 c - a +0 helmet (worn)
 n - a +0 cloak (worn)
 o - a +0 scale mail (worn)
Jewellery
 u - an uncursed ring of protection from fire {unknown}
Scrolls
 b - a scroll of blinking {unknown}
 e - 2 scrolls of identify
 h - 2 scrolls of teleportation
 j - a scroll of remove curse
 l - a scroll of fear
 m - 2 scrolls of magic mapping
 p - 2 scrolls of immolation {unknown}
Potions
 f - a potion of flight {unknown}
 i - a potion of might {unknown}
 k - a potion of heal wounds
 q - a potion of attraction {unknown}
 r - a potion of curing
 s - a potion of brilliance {unknown}


   Skills:
 + Level 5.4 Fighting
 * Level 7.1 Maces & Flails
 - Level 1.7 Throwing
 - Level 2.4 Dodging


You had 6 spell levels left.
You didn't know any spells.
Your spell library was empty.

Dungeon Overview and Level Annotations

Branches:
Dungeon (4/15)              Sewer (visited)
 Temple: D:4-7

Altars:
Sif Muna
Vehumet


Innate Abilities, Weirdness & Mutations

You are resistant to torment.
Your stone body is resilient. (AC +4)
You are immune to poison.
You resist negative energy. (rN+)
You are resistant to electric shocks. (rElec)
You can survive without breathing.
You are immune to petrification.
You are immune to miasma.


Message History

There is a stone staircase leading up here.
You see here a cursed ring of teleportation.
Your library has no spells.
The gnoll hits you but does no damage.
You climb upwards.
There is a stone staircase leading down here.
You start resting.
HP restored.
You start waiting.
Done waiting.
You don't know any spells.
There is an escape hatch in the floor here.
There is a stone staircase leading down here.
You climb downwards. 3 gnolls, an orc and a skeleton come into view.
The orc shouts!
The gnoll shouts! x3
Found a quarterstaff and a runed spear.
Found an escape hatch in the ceiling.
There is a stone staircase leading up here.
There are no items here.
Are you sure you want to abandon this character and quit the game? (Confirm with "yes".)

*,,,,,,,,,* #.........#
#....o....# #........)# *****
#....Z....# *,,,* #.g.......#
*,,,* #.g.......#
*,,,***#.)g......#
*,,,*,,+....@....#
*,,,*,*#.........#
*,,,,,,#......<..#***********
*****,,,,,,#.........#,,,,,,,,,,*
,,,,+,,,,,...........+,,,,,,,,,,*
,,,,*,,,*.##.##..#####,,,,,,,,,,*
,,,,*,,,*,,..,...#**,,,,,,,******
,,,,+,,,,,..,,....,,,,,,,,>*
,,,,***********,,***,**,**,*


You could see 3 gnolls, an orc and an adder skeleton.

Vanquished Creatures
  7 big kobolds (Sewer)
  A hound (D:4)
  3 adders
  2 river rats (Sewer)
  An ooze (Sewer)
  4 worms (Sewer)
  3 dart slugs
  8 ball pythons
  8 bats
  2 giant cockroaches (D:1)
  3 goblins
  7 hobgoblins
  4 jackals (D:2)
  8 frilled lizards
  9 kobolds
  8 rats
78 creatures vanquished.

Vanquished Creatures (others)
  8 plants (D:1)
8 creatures vanquished.

Grand Total: 86 creatures vanquished

Notes
Turn   | Place    | Note
-------+----------+-------------------------------------------
     0 | D:1      | laurelia the Gargoyle Gladiator began the quest for the
                  | Orb.
     0 | D:1      | Reached XP level 1. HP: 12/12 MP: 1/1
   238 | D:1      | Reached XP level 2. HP: 18/18 MP: 2/2
   909 | D:2      | Reached XP level 3. HP: 15/22 MP: 3/3
  1444 | D:2      | Reached skill level 4 in Maces & Flails
  1760 | D:3      | Found a shimmering blue altar of Sif Muna.
  1889 | D:3      | Reached XP level 4. HP: 27/28 MP: 4/4
  2559 | D:4      | Found a radiant altar of Vehumet.
  2576 | D:4      | Found a glowing drain.
  2576 | D:4      | Noticed an ogre
  2585 | Sewer    | Entered a sewer
  2778 | Sewer    | Noticed a big kobold
  2800 | Sewer    | Killed a big kobold
  2801 | Sewer    | Reached skill level 5 in Maces & Flails
  2801 | Sewer    | Reached XP level 5. HP: 26/33 MP: 5/5
  2960 | Sewer    | Noticed a big kobold
  2994 | Sewer    | Killed a big kobold
  2995 | Sewer    | Reached XP level 6. HP: 30/38 MP: 6/6
  3196 | Sewer    | Reached skill level 6 in Maces & Flails
  3548 | Sewer    | Reached XP level 7. HP: 21/44 MP: 7/7
  3770 | Sewer    | Reached skill level 5 in Fighting
  4109 | Sewer    | Reached skill level 7 in Maces & Flails
  4493 | D:4      | Quit the game

Illustrated notes

Levels and vault maps discovered:
D:1:      dpeg_arrival_tiny_h, layout_rooms, serial_forest,
          infiniplex_forest_clump_curved, infiniplex_forest_clump_medium,
          infiniplex_forest_lined_2, infiniplex_forest_diagonal,
          infiniplex_forest_clump_small, infiniplex_forest_fountain,
          infiniplex_forest_lined_1, infiniplex_forest_clump_curved
D:2:      layout_basic
D:3:      layout_basic, old_standard_altar
D:4:      layout_basic, lemuel_crystal_altar, gammafunk_ghost_cemetery,
          cheibrodos_sewer_entry_sluice, uniq_edmund

Skill      XL: |  1  2  3  4  5  6  7 |
---------------+----------------------+-----
Maces & Flails | 4 5 6 7 |  7.1
Fighting       | 3 4 5 |  5.4
Throwing       | |  1.7
Dodging        | |  2.4

Action                   |  1- 3 |  4- 6 |  7- 9 || total
-------------------------+-------+-------+-------++-------
Melee: Flail             |    26 |       |       ||    26
       Whip              |   128 |       |   123 ||   251
       Quarterstaff      |    35 |   187 |       ||   222
Throw: Javelin           |       |     3 |       ||     3
  Use: Scroll            |       |     5 |       ||     5
       Potion            |       |       |     2 ||     2
Armor: Leather armour    |    43 |       |       ||    43
       Robe              |    11 |       |       ||    11
       Scale mail        |    39 |    86 |    49 ||   174
Dodge: Dodged            |   114 |    72 |    55 ||   241
